 Dungeon Crawl Stone Soup version 0.21-a0-196-g6a663c0 (webtiles) character file.

4211 Krakonus1 the Fighter (level 10, -7/72 HPs)
             Began as an Octopode Fighter on Aug 4, 2017.
             Was a High Priest of Ru.
             Mangled by a wyvern (17 damage)
             ... on level 8 of the Dungeon on Aug 15, 2017.
             The game lasted 01:02:11 (7662 turns).

Krakonus1 the Fighter (Octopode Fighter)            Turns: 7662, Time: 01:02:12

Health: -7/72      AC:  1    Str: 19    XL:     10   Next: 29%
Magic:  10/10      EV: 22    Int: 10    God:    Ru [*****.]
Gold:   234        SH:  0    Dex: 17    Spells: 9/9 levels left

rFire    x . .     SeeInvis .   G - +3 spear (vamp)
rCold    . . .     Gourm    .   b - +1 shield
rNeg     + + .     Faith    .   (helmet restricted)
rPois    +         Spirit   .   (no amulet)
rElec    .         Reflect  .   e - ring of positive energy
rCorr    .         Harm     .   w - ring of poison resistance
MR       .....                  l - ring of protection from cold
Stlth    +++.......             x - ring of positive energy
HPRegen  0.22/turn              (no ring)
MPRegen  0.12/turn              (no ring)
                                (no ring)
                                (no ring)

@: confused, agile, exhausted
A: almost no armour, stealthy swim, amphibious, 8 rings, constrict 8, camouflage
1, gelatinous body 1, inability to use devices, temperature sensitive
a: Draw Out Power, Power Leap, Apocalypse, Renounce Religion


You were on level 8 of the Dungeon.
You worshipped Ru.
Ru was extremely pleased with you.
You were not hungry.

You visited 2 branches of the dungeon, and saw 9 of its levels.

You collected 234 gold pieces.

Inventory:

Hand Weapons
 a - a +2 trident
 C - a +0 spear of piercing
 G - a +3 vampiric spear (weapon)
Missiles
 i - 222 stones
 r - 8 tomahawks (quivered)
Armour
 b - a +1 shield (worn)
Jewellery
 e - a ring of positive energy (left tentacle)
 l - a ring of protection from cold (on tentacle)
 w - a ring of poison resistance (right tentacle)
 x - a ring of positive energy (on tentacle)
Scrolls
 s - 5 scrolls of amnesia
 y - a scroll of magic mapping
 B - 2 scrolls of teleportation
Potions
 c - 3 potions of might
 f - 3 potions of lignification
 g - 2 potions of resistance
 h - a potion of ambrosia
 k - a potion of degeneration {unknown}
 m - a potion of cancellation
 n - a potion of magic {unknown}
 p - 2 potions of haste
 u - a potion of brilliance {unknown}
 v - a potion of heal wounds
 E - a potion of berserk rage {unknown}
Books
 F - the Guide on Transmutation and Poisoning
   (You found it on level 8 of the Dungeon)

   Spells                             Type                      Level
   a - Beastly Appendage              Transmutation                1
   b - Passwall                       Transmutation/Earth          2
   c - Spider Form                    Transmutation/Poison         3
   d - Petrify                        Transmutation/Earth          4
   e - Irradiate                      Conjuration/Transmutation    5
   f - Blade Hands                    Transmutation                5
Comestibles
 d - 2 bread rations
 z - a meat ration
 A - a royal jelly
 D - 17 chunks of flesh


   Skills:
 + Level 8.1 Fighting
 * Level 6.2 Polearms
 + Level 8.0 Dodging
 + Level 5.1 Stealth
 + Level 8.0 Shields


You had 9 spell levels left.
You didn't know any spells.

Dungeon Overview and Level Annotations

Branches:
Dungeon (8/15)             Temple (1/1) D:5
   Lair: D:8-11

Altars:
Ashenzari
Cheibriados
Dithmenos
Elyvilon
Fedhas
Gozag
Hepliaklqana
Kikubaaqudgha
Makhleb
Nemelex Xobeh
Qazlal
Ru
Sif Muna
Trog
Uskayaw
Vehumet
Wu Jian
Xom
The Shining One

Shops:
D:7 [


Innate Abilities, Weirdness & Mutations

You cannot wear most types of armour.
You are very stealthy in the water. (Stealth+)
You are amphibious.
You can wear up to eight rings at the same time.
You can use your tentacles to constrict eight enemies at once.
Your skin changes colour to match your surroundings (Stealth+).
Your rubbery body absorbs attacks. (AC +1, EV +1)
You cannot study or use magical devices.
You are sensitive to extremes of temperature. (rF-, rC-)


Message History

It was a scroll of immolation.
You block the wyvern's attack.
The komodo dragon completely misses you.
The wyvern completely misses you.
It was a potion of ambrosia.
You are confused.
You feel invigorated. The komodo dragon closely misses you.
The wyvern bites you.
* * * LOW HITPOINT WARNING * * *
The komodo dragon closely misses you. The wyvern closely misses you.
Found an oblong hardcover book.
You see here a tomahawk.
You feel agile all of a sudden. The wyvern bites you!!
* * * LOW HITPOINT WARNING * * *
The komodo dragon closely misses you.
It was a potion of heal wounds.
You feel much better. The wyvern barely misses you.
The komodo dragon bites you!
* * * LOW HITPOINT WARNING * * *
The wyvern bites you!
You die...

## # .# #.# # #####....#
..# #....#....# #
######.##.....#.... ###
#.#.###...l@.((.... #.#
###.......†.l.......
..###........#####...###
........###.#.# ...#
#####.##.#..##.# #:# ###
##### ## ##


You could see a komodo dragon (inner flame) and a wyvern (inner flame).

Vanquished Creatures
  Pikel (D:6)
  The ghost of daryashkoh the Archer, a novice CeAM of Qazlal (D:7)
  Prince Ribbit (D:5)
  Sigmund (D:6)
  A hungry ghost (D:8)
  An acid dragon (D:8)
  Edmund (D:6)
  Duvessa (D:4)
  2 sky beasts
  2 slaves (D:6)
  A hornet zombie (D:7)
  A phantom (D:8)
  3 ice beasts
  4 ogres
  2 centaurs (D:7)
  A crocodile (D:8)
  2 bullfrogs
  Dowan (D:4)
  A scorpion (D:5)
  5 crimson imps
  2 hounds (D:4)
  3 jellies
  An orc priest (D:8)
  5 orc wizards
  Crazy Yiuf (D:6)
  3 centaur skeletons
  Ijyb (D:3)
  Natasha (thrice) (D:4 D:6)
  An iguana (D:6)
  3 worker ants
  A hound skeleton (D:5)
  Robin (D:3)
  6 gnolls
  2 adders
  2 adder skeletons
  An adder zombie (D:5)
  2 worms
  A dart slug (D:1)
  5 leopard geckos
  11 orcs
  7 giant cockroaches
  23 goblins
  10 hobgoblins
  14 jackals
  10 kobolds
  2 quokkas
  2 ball pythons
  5 bats
  4 frilled lizards
  A quokka zombie (D:7)
  8 rats
  4 plants
178 creatures vanquished.

Vanquished Creatures (others)
  A human (D:5)
  A centaur (D:5)
  A howler monkey (D:5)
  A bullfrog zombie (D:6)
4 creatures vanquished.

Grand Total: 182 creatures vanquished

Notes
Turn   | Place    | Note
-------+----------+-------------------------------------------
     0 | D:1      | Krakonus1 the Octopode Fighter began the quest for the Orb.
     0 | D:1      | Reached XP level 1. HP: 16/16 MP: 1/1
    74 | D:1      | Reached XP level 2. HP: 20/21 MP: 2/2
   386 | D:1      | Reached XP level 3. HP: 26/26 MP: 3/3
  1076 | D:2      | Found a blossoming altar of Fedhas.
  1135 | D:2      | Reached XP level 4. HP: 33/33 MP: 4/4
  1287 | D:2      | Found a sacrificial altar of Ru.
  1295 | D:2      | Became a worshipper of Ru the Awakened
  2093 | D:3      | Noticed Robin
  2115 | D:3      | Killed Robin
  2320 | D:3      | Noticed Ijyb
  2329 | D:3      | Killed Ijyb
  2329 | D:3      | Reached XP level 5. HP: 28/37 MP: 5/5
  2331 | D:3      | Gained mutation: You cannot study or use magical devices. [Ru sacrifice]
  2331 | D:3      | Reached * piety under Ru
  2331 | D:3      | Reached ** piety under Ru
  2457 | D:3      | Found a glowing golden altar of the Shining One.
  2808 | D:4      | Noticed an ogre
  2828 | D:4      | Noticed Natasha
  2835 | D:4      | Killed Natasha
  2847 | D:4      | Noticed Natasha
  2853 | D:4      | Killed Natasha
  3040 | D:4      | Upgraded the game from 0.21-a0-163-g3aa3f5d to 0.21-a0-196-g6a663c0
  3077 | D:4      | Reached XP level 6. HP: 31/44 MP: 6/6
  3291 | D:4      | Noticed Duvessa
  3298 | D:4      | Killed Duvessa
  3300 | D:4      | Noticed Dowan
  3332 | D:4      | Killed Dowan
  3332 | D:4      | Reached skill level 5 in Fighting
  3332 | D:4      | Reached skill level 5 in Dodging
  3332 | D:4      | Reached skill level 5 in Shields
  3332 | D:4      | Reached XP level 7. HP: 30/50 MP: 7/7
  3665 | D:4      | Found a hazy altar of Hepliaklqana.
  3847 | D:4      | Krakonus1: fuck me
  3890 | D:5      | Entered Level 5 of the Dungeon
  3891 | D:5      | Krakonus1: fuck me x2 combo
  3891 | D:5      | Krakonus1: another fucking ogre
  3892 | D:5      | Krakonus1: shit
  3892 | D:5      | Krakonus1: i threw a rock
  3908 | D:5      | Krakonus1: oh my fucking god
  3908 | D:5      | Krakonus1: wizords
  4245 | D:5      | Noticed Prince Ribbit
  4246 | D:5      | Krakonus1: OH FUCK
  4249 | D:5      | Killed Prince Ribbit
  4249 | D:5      | Reached XP level 8. HP: 36/57 MP: 8/8
  4470 | D:5      | Krakonus1: why are you punching yourself :P
  4472 | D:5      | Found an ancient bone altar of Kikubaaqudgha.
  4473 | D:5      | Krakonus1: oh
  4492 | D:5      | Found a staircase to the Ecumenical Temple.
  4513 | Temple   | Entered the Ecumenical Temple
  5338 | D:5      | Gained mutation: You are sensitive to extremes of temperature. (rF-, rC-) [Ru sacrifice]
  5338 | D:5      | Reached *** piety under Ru
  5338 | D:5      | Reached **** piety under Ru
  5338 | D:5      | Reached ***** piety under Ru
  5438 | D:5      | Found an ancient bone altar of Kikubaaqudgha.
  5588 | D:6      | Noticed Sigmund
  5589 | D:6      | Krakonus1: OH FUCK
  5600 | D:6      | Killed Sigmund
  5600 | D:6      | Reached skill level 1 in Stealth
  5600 | D:6      | Reached XP level 9. HP: 64/64 MP: 9/9
  5687 | D:6      | Noticed Natasha
  5693 | D:6      | Noticed Pikel
  5694 | D:6      | Krakonus1: these uniques
  5696 | D:6      | Noticed Edmund
  5697 | D:6      | Krakonus1: srsly
  5697 | D:6      | Krakonus1: PIKEL EDMUND AND NATASHA
  5697 | D:6      | Krakonus1: fuck this im gonna use these new abilities
  5697 | D:6      | Killed Natasha
  5697 | D:6      | Killed Pikel
  5697 | D:6      | Killed Edmund
  6031 | D:6      | Found a runed door.
  6035 | D:6      | Krakonus1: i can crazy gnoll kill
  6035 | D:6      | Krakonus1: chaos is mild compared to other stuff
  6035 | D:6      | Noticed Crazy Yiuf
  6037 | D:6      | Krakonus1: sleeping haha
  6040 | D:6      | Killed Crazy Yiuf
  6423 | D:7      | Noticed daryashkoh's ghost (novice CeAM)
  6423 | D:7      | Krakonus1: crap
  6442 | D:7      | Killed daryashkoh's ghost
  6442 | D:7      | Reached skill level 5 in Polearms
  6570 | D:7      | Reached XP level 10. HP: 49/72 MP: 10/10
  6665 | D:7      | Found a shadowy altar of Dithmenos.
  7123 | D:7      | Found Moqoes's Antique Armour Emporium.
  7146 | D:7      | Found a burning altar of Makhleb.
  7147 | D:7      | Found a shimmering altar of Xom.
  7302 | D:8      | Found a bloodstained altar of Trog.
  7454 | D:8      | Reached skill level 5 in Stealth
  7473 | D:8      | Identified the Guide on Transmutation and Poisoning
  7662 | D:8      | Mangled by a wyvern

Vault maps used:
D:1:      dpeg_arrival_yet_another_circle, serial_park_tiny_2,
          minmay_hexomino_c4
D:2:      nicolae_ru_path_of_blood, lemuel_round_altar, minivault_27,
          guppyfry_early_lair_pool
D:3:      kennysheep_the_goblin_king, tso_altar, saegor_snake_ambush, uniq_ijyb,
          uniq_robin
D:4:      lemuel_round_altar, first_bread, uniq_natasha, uniq_duvessa
D:5:      kennysheep_mini_moat, minmay_temple_entry_crystal_x,
          tgw_kikubaaqudgha, uniq_prince_ribbit1
D:6:      uniq_sigmund, uniq_edmund, uniq_pikel, uniq_crazy_yiuf_cottage
D:7:      grunt_temple_overflow_champion_of_chaos,
          nicolae_dithmenos_through_a_glass_darkly, serial_shops,
          nicolae_shop_waterfront
D:8:      gammafunk_temple_overflow_elements, bloody_trog, erik_lair_dragon
Temple:   eino_temple_lava

Skill      XL: |  1  2  3  4  5  6  7  8  9 10 |
---------------+-------------------------------+-----
Fighting       | 4 5 6 7 8 |  8.1
Dodging        | 4 5 6 7 8 |  8.0
Shields        | 4 5 6 7 8 |  8.0
Stealth        | 1 4 5 |  5.1
Polearms       | 5 6 |  6.2

Action                   |  1- 3 |  4- 6 |  7- 9 | 10-12 || total
-------------------------+-------+-------+-------+-------++-------
Melee: Trident           |    88 |   172 |   197 |    60 ||   517
       Constrict         |    22 |    25 |    26 |     6 ||    79
       Tentacles         |    14 |    28 |    33 |    12 ||    87
       Spear             |       |       |       |    12 ||    12
Throw: Stone             |    57 |    60 |     1 |       ||   118
       Tomahawk          |       |    12 |    36 |    12 ||    60
       Throwing net      |       |       |     1 |       ||     1
Invok: Sacrifice Artific |       |     1 |       |       ||     1
       Sacrifice Resista |       |       |     1 |       ||     1
       Power Leap        |       |       |     1 |     5 ||     6
       Apocalypse        |       |       |     1 |       ||     1
  Use: Scroll            |     5 |     7 |     2 |     4 ||    18
       Potion            |       |     2 |     4 |     4 ||    10
 Stab: Sleeping          |     2 |     5 |    10 |     3 ||    20
  Eat: Chunk             |     1 |     7 |     6 |     5 ||    19
       Bread ration      |       |       |     1 |     1 ||     2
Armor: Skin              |     4 |    47 |     3 |       ||    54
Dodge: Dodged            |    22 |    42 |    57 |    21 ||   142
Block: Shield            |    28 |    80 |    63 |    26 ||   197
